 Dungeon Crawl Stone Soup version 0.24-a0-530-g18ba70b503 (webtiles) character file.

Game seed: 1679908128284777230

19 Mithandil the Skirmisher (level 2, 0/27 HPs)
             Began as a Hill Orc Fighter on Aug 7, 2019.
             Slain by a kobold (5 damage)
             ... on level 1 of the Dungeon.
             The game lasted 00:02:55 (388 turns).

Mithandil the Skirmisher (Hill Orc Fighter)          Turns: 388, Time: 00:02:56

Health: 0/27       AC:  6    Str: 18    XL:     2   Next: 75%
Magic:  2/2        EV:  4    Int:  8    God:
Gold:   18         SH:  9    Dex: 10    Spells: 1/1 levels left

rFire    . . .     SeeInvis .   a - +0 long sword
rCold    . . .     Gourm    .   c - +0 shield
rNeg     . . .     Faith    .   g - +0 scale mail
rPois    .         Spirit   .   (no helmet)
rElec    .         Reflect  .   (no cloak)
rCorr    .         Harm     .   (no gloves)
MR       .....                  (no boots)
Stlth    ..........             (no amulet)
HPRegen  0.09/turn              (no ring)
MPRegen  0.08/turn              (no ring)

@: constricted
A: no striking features
a: no special abilities


You were on level 1 of the Dungeon.
You were not hungry.

You visited 1 branch of the dungeon, and saw 3 of its levels.

You collected 18 gold pieces.

Inventory:

Hand Weapons
 a - a +0 long sword (weapon)
 b - a +0 dagger
 j - a +0 club
Armour
 c - a +0 shield (worn)
 g - a +0 scale mail (worn)
Scrolls
 i - 2 scrolls of identify {unknown}
 k - a scroll of teleportation {unknown}
Potions
 d - a potion of might
 e - a potion of degeneration {unknown}
 l - a potion of curing {unknown}
Comestibles
 f - 3 rations
 h - 5 chunks of flesh


   Skills:
 + Level 3.7 Fighting
 * Level 0.8(1.6) Short Blades
 * Level 2.5(2.6) Long Blades
 + Level 3.4 Armour
 + Level 0.5 Dodging
 * Level 3.5 Shields


You had one spell level left.
You didn't know any spells.
Your spell library was empty.

Dungeon Overview and Level Annotations

Branches:
Dungeon (3/15)

Altars:


Message History

You hit the ball python.
The ball python is severely wounded.
The kobold hits you but does no damage.
The ball python bites you but does no damage.
The ball python constricts you. The kobold hits you but does no damage.
You block the dart slug's attack.
You closely miss the ball python.
The ball python is severely wounded.
You block the ball python's attack.
* * * LOW HITPOINT WARNING * * *
The ball python constricts you. The kobold barely misses you.
You riposte.
You closely miss the kobold. The kobold completely misses you.
The ball python bites you but does no damage.
The ball python constricts you. The dart slug barely misses you.
You riposte.
You hit the dart slug.
The dart slug is severely wounded.
You barely miss the ball python.
The ball python is severely wounded.
The kobold hits you.
You die...

#.....#
#..........#.....### .
#..........##......# ..
#..........##......##
...#.......... #........
............# #........
............# #......⌠.
......wK!...# #........
.......@....# ##.......
......S.(...# #.......
............# #.......
............# #.......
............#####.......
................).....[.
............#####.......
####........# #.......
########## #.......


You could see a dart slug, a ball python and a kobold (berserk).

Vanquished Creatures
  A dart slug (D:2)
  2 bats (D:1)
  4 goblins
  3 hobgoblins
  A quokka (D:2)
  A frilled lizard (D:2)
  2 kobolds (D:1)
  2 rats
16 creatures vanquished.

Notes
Turn   | Place    | Note
-------+----------+-------------------------------------------
     0 | D:1      | Mithandil the Hill Orc Fighter began the quest for the Orb.
     0 | D:1      | Reached XP level 1. HP: 19/19 MP: 1/1
    60 | D:2      | Reached XP level 2. HP: 25/27 MP: 2/2
   388 | D:1      | Slain by a kobold

Levels and vault maps discovered:
D:1:      minmay_arrival_cross, layout_basic, solitary_fountain
D:2:      layout_basic, uniq_natasha
D:3:      layout_loops_ring, chequers_ecumenical_altar_simple_redux

Action                   || total
-------------------------++-------
Melee: Long sword        ||    56
Armor: Scale mail        ||    38
Dodge: Dodged            ||    21
Block: Shield            ||    36
       Rpst.: Long sword ||     9

Table legend:
 A = Non-vault XP
 B = Vault XP
 C = Vault XP percentage of total XP
 D = Non-vault monster count
 E = Vault monster count
 F = Vault count percentage of total count
                 A         B        C        D         E       F
            +---------+---------+-------+---------+---------+-------
      Total |      28 |       0 |   0.0 |      16 |       0 |   0.0
            +---------+---------+-------+---------+---------+-------
        D:1 |      16 |       0 |   0.0 |      10 |       0 |   0.0
        D:2 |      12 |       0 |   0.0 |       6 |       0 |   0.0
            +---------+---------+-------+---------+---------+-------
